 Dungeon Crawl Stone Soup version 0.29-a0-872-g797fff5ad1 (webtiles) character file.

Game seed: 8335063872225153109

310 jimonade the Covert (level 6, -4/36 HPs)
             Began as a Kobold Brigand on July 18, 2022.
             Slain by a salamander (shapeshifter) (9 damage)
             ... on level 3 of the Dungeon.
             The game lasted 00:06:35 (3578 turns).

jimonade the Covert (Kobold Brigand)                Turns: 3578, Time: 00:06:36

Health: -4/36      AC: 12    Str:  8    XL:     6   Next: 69%
Magic:  6/6        EV:  5    Int: 13    God:
Gold:   250        SH:  0    Dex: 18    Spells: 5/5 levels left

rFire   . . .      SeeInvis .   a - +3 dagger (chaos)
rCold   . . .      Faith    .   (no shield)
rNeg    . . .      Spirit   .   f - +0 chain mail
rPois   .          Reflect  .   (no helmet)
rElec   .          Harm     .   c - +0 cloak
rCorr   .          Rampage  .   (no gloves)
Will    .....                   i - +2 pair of boots
Stlth   +++.......              (no amulet)
HPRegen 0.12/turn               m - ring of flight
MPRegen 0.10/turn               (no ring)

@: flying
A: small, no large weapons, nightstalker 3, camouflage 1, screaming 1
a: no special abilities


You were on level 3 of the Dungeon.
You visited 1 branch of the dungeon, and saw 4 of its levels.
You also visited: Sewer.

You collected 250 gold pieces.

Inventory:

Hand Weapons
 a - a +3 dagger of chaos (weapon)
 b - a +0 sling
 q - a +0 dagger of draining
Missiles
 d - 21 poisoned darts (quivered)
 e - 3 curare-tipped darts
Armour
 c - a +0 cloak (worn)
 f - a +0 chain mail (worn)
 g - a +0 robe
 i - a +2 pair of boots (worn)
Jewellery
 m - a ring of flight (left hand)
Wands
 s - a wand of flame (27)
Scrolls
 j - 2 scrolls of enchant armour
 k - a scroll of magic mapping
 o - a scroll of amnesia
 t - 2 scrolls of identify
 v - a scroll of teleportation
Potions
 h - a potion of heal wounds {unknown}
 l - a potion of magic
 n - a potion of berserk rage {unknown}
 p - a potion of attraction {unknown}
 r - a potion of curing
 u - a potion of lignification {unknown}


   Skills:
 + Level 2.8 Fighting
 + Level 4.0 Short Blades
 - Level 2.1 Throwing
 + Level 2.7 Dodging
 * Level 9.1 Stealth


You had 5 spell levels left.
You didn't know any spells.
Your spell library contained the following spells:

 Spells                   Type           Power      Damage    Failure   Level
 Beastly Appendage        Tmut           0%         N/A       100%        1
 Wereblood                Tmut           0%         N/A       100%        2
 Spider Form              Tmut/Pois      0%         N/A       100%        3
 Infestation              Necr           0%         N/A       100%        8


Dungeon Overview and Level Annotations

Branches:
Dungeon (4/15)              Sewer (visited)
 Temple: D:4-7

Altars:

Annotations:
D:1 1 transporter


Innate Abilities, Weirdness & Mutations

You are small and have problems with some larger weapons.
You are completely attuned to the shadows.
Your skin changes colour to match your surroundings (Stealth+).
You occasionally shout uncontrollably at your foes.


Message History

You hit the quokka.
The quokka changes into a shapeshifter!
The shapeshifter changes into something you cannot see!
No target in view!
No target in view!
Your bat zombie closely misses something.
Something hits you but does no damage.
Deactivating autopickup; reactivate with Ctrl-A.
Your bat zombie hits something but does no damage.
Something hits you.
Your bat zombie barely misses something.
Things that are here:
a +0 flail; a +0 ring mail; an orc corpse You hit something.
Something hits you but does no damage.
You hit something. Something hits you! Something hits you but does no damage.
Something hits you. Something hits you but does no damage.
Something barely misses your bat zombie.
Something hits your bat zombie!
Your bat zombie is destroyed!
Something completely misses you. Something hits you but does no damage.
Something hits you but does no damage. Something hits you.
You reach down and open the door.
Something hits you.
There is an open door here.
Something hits you but does no damage. x2
Something hits you but does no damage. Something hits you.
Something hits you but does no damage. x2
You barely miss something. Something hits you.
Something hits you but does no damage.
You miss something.
A salamander appears out of thin air!
Reactivating autopickup.
You hit the salamander.
The salamander is lightly wounded.
You hit the salamander.
The salamander goes berserk!
The salamander is lightly wounded.
The salamander hits you!
* * * LOW HITPOINT WARNING * * *
You are engulfed in flames!
You die...

*,* ***,, *,* *** **,*****,,
********* *,,,,,,,,,
*,,,,,,,####****** *,,***##..
*,*****,....,,,,.# *,** #... *,*
*,*#..****.## *,* #...
*,*****,.#..####..##**,* #...
*,,,,,,,......@N....,,,* #..)
#..****+#######'###**,,* ##.#
*##.#**,,,,,**#.....##*..# #...
*,..###*,,,,,*##..)..##..* #...
#.#.#.##*,,,,,*##.....#.#* #...
#.#.#..##*,,,,,*##....#.# #...
#.#.'...##*,,,,,*##...'.# #...
#.#.#....####+######..#.######...
....#..)..#.....#.###.#.......<..


You could see a salamander (berserk).

Vanquished Creatures
  A kobold brigand (Sewer)
  A scorpion (D:3)
  5 adders
  A gnoll (D:3)
  2 river rats (Sewer)
  A worm (D:3)
  2 dart slugs (D:3)
  4 orcs (D:3)
  10 ball pythons
  7 bats
  8 endoplasms
  3 giant cockroaches
  7 goblins
  9 hobgoblins
  3 jackals (Sewer)
  3 quokkas
  8 frilled lizards
  6 kobolds
  6 rats
87 creatures vanquished.

Vanquished Creatures (collateral kills)
  An adder (D:3)
  A kobold (Sewer)
2 creatures vanquished.

Vanquished Creatures (others)
  An adder zombie (Sewer)
  A bat zombie (D:3)
  8 plants (Sewer)
  3 toadstools (D:1)
13 creatures vanquished.

Grand Total: 102 creatures vanquished

Notes
Turn   | Place    | Note
-------+----------+-------------------------------------------
     0 | D:1      | jimonade the Kobold Brigand began the quest for the Orb.
     0 | D:1      | Reached XP level 1. HP: 12/12 MP: 1/1
   142 | D:1      | Reached XP level 2. HP: 17/17 MP: 2/2
   212 | D:1      | Reached skill level 6 in Stealth
   306 | D:1      | Reached XP level 3. HP: 20/21 MP: 3/3
   987 | D:2      | Got the Compendium of Macabre Transmutation
  1244 | D:2      | Reached XP level 4. HP: 27/27 MP: 4/4
  1384 | D:2      | Found a faded altar of an unknown god.
  1502 | D:3      | Reached skill level 7 in Stealth
  1526 | D:3      | Found a glowing drain.
  1533 | Sewer    | Entered a sewer
  1754 | Sewer    | Noticed a kobold brigand
  1768 | Sewer    | Gained mutation: You occasionally shout uncontrollably at
                  | your foes. [potion of mutation]
  1768 | Sewer    | Gained mutation: Your skin changes colour to match your
                  | surroundings (Stealth+). [potion of mutation]
  1965 | Sewer    | Reached XP level 5. HP: 31/31 MP: 5/5
  2223 | Sewer    | Killed a kobold brigand
  2224 | Sewer    | Reached skill level 8 in Stealth
  2224 | Sewer    | Reached XP level 6. HP: 25/36 MP: 6/6
  3120 | D:3      | Reached skill level 9 in Stealth
  3555 | D:3      | Noticed a shapeshifter
  3555 | D:3      | a quokka changed into a shapeshifter
  3555 | D:3      | a shapeshifter changed into something unseen
  3576 | D:3      | Noticed a salamander
  3578 | D:3      | Slain by a salamander (shapeshifter)

Illustrated notes

Levels and vault maps discovered:
D:1:      spicycebolla_arrival_risky_transporter, layout_rooms,
          minmay_misc_feat_rows, minmay_misc_feat_more_columns,
          minmay_gold_behind_fungi
D:2:      layout_basic, hellmonk_ecumenical_altar_prayer_group,
          kennysheep_flooded_box
D:3:      layout_loops_cross, cheibrodos_sewer_entry_sluice,
          minmay_quadrilaterals
D:4:      layout_layer_cave, minmay_surrounded

Skill      XL: |  1  2  3  4  5  6 |
---------------+-------------------+-----
Stealth        | 6 7 8 9 |  9.1
Short Blades   | 3 4 |  4.0
Dodging        | 2 |  2.7
Fighting       | |  2.8
Throwing       | |  2.1

Action                   |  1- 3 |  4- 6 || total
-------------------------+-------+-------++-------
Melee: Dagger            |   106 |   154 ||   260
       Punch             |       |     2 ||     2
  Use: Scroll            |       |     8 ||     8
       Potion            |       |     2 ||     2
 Stab: Sleeping          |    15 |    15 ||    30
       Distracted        |       |     1 ||     1
Armor: Robe              |    24 |    30 ||    54
       Chain mail        |       |    43 ||    43
Dodge: Dodged            |    79 |   106 ||   185

Table legend: (Time is in decaauts)
 A = Elapsed time spent in this place.
 B = Non-inter-level travel time spent in this place.
 C = Inter-level travel time spent in this place.
 D = Time resting spent in this place.
 E = Time spent auto-exploring this place.
 F = Levels seen in this place.
 G = Mean time per level.
                   A        B        C        D        E       F      G
               +--------+--------+--------+--------+--------+-----+--------+
         Total |   3533 |   3445 |     88 |    957 |   1794 |   5 |  706.6 |
       Dungeon |   2473 |   2385 |     88 |    545 |   1310 |   4 |  618.2 |
         Sewer |   1059 |   1059 |      0 |    412 |    484 |   1 | 1059.0 |
               +--------+--------+--------+--------+--------+-----+--------+

Top non-repeatable levels by time:
   Sewer: 1059 daAuts
     D:2: 1020 daAuts
     D:1: 743 daAuts
     D:3: 708 daAuts
     D:4: 1 daAuts
